 Dungeon Crawl Stone Soup version 0.30-a0-718-geaa24f58ff (webtiles) character file.

Game seed: 9443088309711578972

58293 arthad the Placeless Cat (level 14, -3/63 HPs)
             Began as a Felid Summoner on Jan 25, 2023.
             Was an Initiate of Gozag.
             Shot with a sling bullet by a faun (20 damage)
             ... on level 1 of the Shoals on Jan 26, 2023.
             The game lasted 02:21:21 (31225 turns).

arthad the Placeless Cat (Felid Summoner)          Turns: 31225, Time: 02:21:22

Health: -3/63      AC:  3    Str:  4    XL:     14   Next: 48%
Magic:  3/39       EV: 24    Int: 29    God:    Gozag
Gold:   2075       SH:  5    Dex: 16    Spells: 12/36 levels left
                                        Lives:  0   Deaths: 4

rFire   + . .      SeeInvis +      - Unarmed
rCold   + . .      Faith    .    (shield unavailable)
rNeg    . . .      Spirit   .    (body armour unavailable)
rPois   +          Reflect  +    (helmet unavailable)
rElec   .          Harm     .    (cloak unavailable)
rCorr   .          Rampage  .    (gloves unavailable)
Will    +++..                    (boots unavailable)
Stlth   +                        k - amulet of reflection
HPRegen 0.30/turn                v - ring of magical power
MPRegen 0.26/turn                L - ring "Exkorgh" {rPois rF+ Will+ Int+7}

@: very slow
A: very small, claws 1, fangs 3, see invisible, speed 1, shaggy fur 3, stealthy
paws, no weapons or thrown items, no armour, multi-lived
a: Renounce Religion, Potion Petition, Call Merchant, Bribe Branch


You were on level 1 of the Shoals.
You worshipped Gozag.
Gozag was most pleased with you.
You visited 5 branches of the dungeon, and saw 24 of its levels.

You collected 7652 gold pieces.
You spent 2604 gold pieces at shops.
You paid 2973 gold pieces to Gozag.

Inventory:

Hand Weapons
 K - the +9 falchion of Frustration {venom, *Rage *Corrode +Blink Str+3}
   (You found it on level 1 of the Lair of Beasts)

   Str:       It affects your strength (+3).
   +Blink:    It lets you blink.
   *Rage:     It berserks you when you make melee attacks (+20% chance).
   *Corrode:  It may corrode you when you take damage.
 N - the +5 hand axe of Dolove {holy, rC- Str+5}
   (You found it on level 4 of the Lair of Beasts)

   Str:       It affects your strength (+5).
   rC:        It makes you vulnerable to cold.
Armour
 p - the +0 ring mail "Vebiposs" {rElec rF+ rCorr Dex+2}
   (You found it on level 4 of the Dungeon)

   Dex:       It affects your dexterity (+2).
   rF:        It protects you from fire.
   rElec:     It insulates you from electricity.
   rCorr:     It protects you from acid and corrosion.
Jewellery
 c - an amulet of faith
 k - an amulet of reflection (around neck)
 u - a ring of positive energy
 v - a ring of magical power (left paw)
 A - a ring of protection from cold
 E - a +6 ring of strength
 L - the ring "Exkorgh" (right paw) {rPois rF+ Will+ Int+7}
   (You bought it in a shop on level 2 of the Lair of Beasts)

   [ring of protection from fire]

   Int:       It affects your intelligence (+7).
   rF:        It protects you from fire.
   rPois:     It protects you from poison.
   Will:      It increases your willpower.
 O - a +6 ring of strength
 Q - a ring of wizardry
Wands
 q - a wand of charming (18)
 y - a wand of roots (16)
 H - a wand of polymorph (18)
 P - a wand of flame (11)
Scrolls
 d - 2 scrolls of silence
 g - 2 scrolls of immolation
 h - 2 scrolls of brand weapon
 i - 6 scrolls of vulnerability
 j - 3 scrolls of blinking
 r - 9 scrolls of teleportation
 s - 5 scrolls of noise
 t - 2 scrolls of magic mapping
 w - 2 scrolls of fog
 x - 5 scrolls of identify
 z - 2 scrolls of enchant weapon
 C - 4 scrolls of fear
 F - 3 scrolls of poison
Potions
 a - 5 potions of magic
 b - 6 potions of resistance
 e - 5 potions of brilliance
 f - 6 potions of degeneration
 l - 4 potions of attraction
 m - 3 potions of might
 n - 5 potions of lignification
 o - 3 potions of mutation
 B - 6 potions of curing
 D - 6 potions of heal wounds
 G - 2 potions of invisibility
 I - a potion of berserk rage
 J - 2 potions of flight
 M - a potion of ambrosia
 R - a potion of haste


   Skills:
 + Level 8.8 Fighting
 + Level 11.6 Dodging
 - Level 2.6 Stealth
 + Level 8.8 Unarmed Combat
 * Level 11.5 Spellcasting
 + Level 5.2 Hexes
 + Level 12.2 Summonings
 + Level 14.5 Translocations
 + Level 9.5 Transmutations
 + Level 10.3 Air Magic


You had 12 spell levels left.
You knew the following spells:

 Your Spells              Type           Power      Damage    Failure   Level
b - Call Imp              Summ           73%        N/A       1%          2
c - Call Canine Familiar  Summ           73%        N/A       1%          3
d - Summon Guardian Gole  Hex/Summ       61%        N/A       1%          3
e - Blink                 Tloc           100%       N/A       0%          2
f - Summon Lightning Spi  Summ/Air       70%        N/A       1%          4
g - Summon Forest         Summ/Tloc      38%        N/A       1%          5
h - Summon Mana Viper     Hex/Summ       61%        N/A       2%          5

Your spell library contained the following spells:

 Spells                   Type           Power      Damage    Failure   Level
 Apportation              Tloc           100%       N/A       0%          1
 Lesser Beckoning         Tloc           100%       N/A       0%          2
 Summon Small Mammal      Summ           100%       N/A       1%          1
 Momentum Strike          Conj/Tloc      100%       3d10      1%          2
 Vhi's Electric Charge    Tloc/Air       100%       N/A       1%          3
 Manifold Assault         Tloc           79%        N/A       1%          4
 Blade Hands              Tmut           32%        N/A       1%          5
 Summon Ice Beast         Ice/Summ       51%        N/A       2%          4
 Necrotise                Necr           64%        1d7       3%          1
 Inner Flame              Hex/Fire       31%        N/A       3%          3
 Ozocubu's Armour         Ice            16%        N/A       10%         3
 Arcjolt                  Conj/Air       23%        1d33      11%         5
 Monstrous Menagerie      Summ           36%        N/A       19%         7
 Summon Hydra             Summ           36%        N/A       19%         7
 Metabolic Englaciation   Hex/Ice        15%        N/A       30%         5
 Flame Wave               Conj/Fire      16%        2d7       32%         4
 Olgreb's Toxic Radiance  Pois           16%        N/A       32%         4
 Sticky Flame             Conj/Fire      16%        2d4       32%         4
 Storm Form               Tmut/Air       32%        N/A       43%         7
 Eringya's Noxious Bog    Tmut/Pois      22%        N/A       56%         6
 Maxwell's Capacitive Co  Air            33%        ∞         97%         8
 Iron Shot                Conj/Erth      8%         9d3       99%         6
 Ozocubu's Refrigeration  Ice            8%         4d9       100%        7
 Ignition                 Fire           8%         3d5       100%        8
 Animate Armour           Summ/Erth      Unusable   N/A       N/A         4
 Simulacrum               Ice/Necr       Unusable   N/A       N/A         6

Dungeon Overview and Level Annotations

Branches:
Dungeon (15/15)            Temple (1/1) D:6            Lair (5/5) D:9
 Shoals (1/4) Lair:2        Snake (0/4) Lair:2        Slime (0/5) Lair:5
    Orc (2/2) D:9             Elf (0/3) Orc:2        Vaults (0/5) D:13
 Depths (0/4) D:15

Altars:
Ashenzari
Cheibriados
Dithmenos
Elyvilon
Fedhas
Gozag
Hepliaklqana
Kikubaaqudgha
Makhleb
Nemelex Xobeh
Okawaru
Qazlal
Ru
Sif Muna
Trog
Uskayaw
Vehumet
Wu Jian
Xom
Yredelemnul
Zin
The Shining One
Jiyva

Shops:
D:3 [   D:4 (   D:12 =   D:14 *   Orc:2 *=**   Lair:2 ::=

Portals:
Hell: Lair:5

Annotations:
D:10 2 transporters, Darius099's ghost, journeyman GrFi


Innate Abilities, Weirdness & Mutations

You have sharp claws.
You have razor-sharp teeth.
You have supernaturally acute eyesight. (SInv)
You cover ground quickly. (Speed+)
Your thick and shaggy fur keeps you warm. (AC +3, rC+)
Your paws help you pounce on unaware monsters.
You are incapable of wielding weapons or throwing items.
You cannot wear armour.
You gain extra lives every three experience levels.


Message History

Your warg dies!
Your warg's corpse disappears in a puff of smoke!
Your mana viper splashes around in the water.
The merfolk misses your mana viper.
The merfolk impaler shouts!
As you read the scroll of fog, it crumbles to dust.
The scroll dissolves into smoke.
Your mana viper disappears in a puff of smoke!
A nearby plant withers and dies.
The centaur warrior shoots an arrow.
You reflect the arrow off an invisible shield around you!
The arrow barely misses the centaur warrior.
The merfolk impaler closely misses you.
The merfolk impaler is distracted by your dazzling golden aura.
The centaur warrior is distracted by your dazzling golden aura.
The water elemental closely misses you. The sea snake bites you.
The merfolk misses you.
Your surroundings suddenly seem different.
Splash!
Found a ring mail.
Unknown command.
You start resting.
A faun comes into view. It is wielding a +0 quarterstaff.
Casting: Blink (safe; 0% risk of failure)
Confirm with . or Enter, or press ? or * to list all spells.
An electric hum fills the air.
You hear a haunting song.
You hear an eerie melody.
You hear a haunting song.
The faun unwields a +0 quarterstaff.
The faun wields a +0 sling.
The faun shoots a sling bullet.
The sling bullet hits you!!
* * * LOW HITPOINT WARNING * * *
You hear a haunting song.
Casting: Summon Lightning Spire (safe; 1% risk of failure)
Confirm with . or Enter, or press ? or * to list all spells.
A guardian golem appears, shielding your allies.
Your lightning spire shoots out a bolt of lightning at the faun!
The bolt of electricity hits the faun!!
The faun shoots a sling bullet.
The sling bullet hits you!!
You die...
Your body crumbles into a pile of gold.

≈≈≈ ≈≈≈
≈≈≈≈≈≈≈≈~~~≈≈≈≈
≈≈≈
≈≈≈≈≈≈≈≈≈≈≈≈≈≈≈
≈≈≈
≈≈≈≈≈≈≈≈≈≈≈≈≈≈≈≈
≈≈≈
≈~~~~≈≈≈≈≈≈≈≈≈≈≈
≈≈≈
~~~~~≈≈≈≈≈≈≈≈≈≈≈
≈≈≈
~~~~~~~≈≈≈≈≈≈≈≈≈
≈≈≈
~...~~~~≈≈≈≈≈≈≈≈
≈≈≈
...~~~~~@≈≈≈≈≈≈≈
≈≈≈
#[..~~8~~~~≈≈≈≈≈
≈≈≈
#..~~~~9~~~≈≈≈≈
≈≈≈
##.~~~~~~~≈≈≈≈≈
≈≈≈
#..~~~~~~~≈≈≈≈≈
≈≈≈
..c~~~~.~~~≈≈≈≈≈
≈≈≈
..~~~~~.~~~≈≈≈≈≈
≈
~~...~~~~~~~~≈≈≈
≈≈
..##~~~~~~~~~~≈≈


You could see a faun (ally target), a friendly guardian golem (summoned) and a
friendly lightning spire (summoned, sheltered).

Vanquished Creatures
  A two-headed ogre (Orc:2)
  A troll (Orc:2)
  A slime creature (D:15)
  A warg (Orc:2)
  3 orc warriors (Orc:2)
  4 ogres (Orc:2)
  A wolf (Lair:5)
  A centaur (D:6)
  3 orc wizards
  3 orcs
  A goblin (D:1)
  A frilled lizard (D:2)
21 creatures vanquished.

Vanquished Creatures (collateral kills)
  Frances (D:14)
  Louise (D:15)
  An orc warlord (Orc:2)
  An ettin (D:15)
  Josephine (D:13)
  Harold (Orc:1)
  A rakshasa (D:14)
  4 ogre magi (Orc:2)
  5 hydras
  16 two-headed ogres
  A merfolk aquamancer (Shoals:1)
  2 boulder beetles
  A death knight (D:14)
  A centaur warrior (D:14)
  A tengu warrior (D:15)
  3 death yaks (Lair:5)
  A sun demon (Lair:5)
  A deep troll (D:15)
  A phantasmal warrior (D:13)
  A swamp dragon (D:15)
  2 deep elf pyromancers (D:15)
  2 necromancers (D:15)
  3 wizards
  5 ugly things (D:15)
  An orc sorcerer (D:15)
  A wolf spider (Lair:5)
  An orc knight (Orc:2)
  2 manticores
  3 fauns (Shoals:1)
  6 cyclopes
  A will-o-the-wisp (D:15)
  2 black mambas (Lair:5)
  8 elephants
  A water nymph (Shoals:1)
  2 torpor snails (Lair:4)
  An orange demon (Lair:5)
  6 rime drakes
  An unseen horror (D:13)
  8 komodo dragons
  12 cane toads
  3 kobold demonologists (D:11)
  2 freezing wraiths (D:14)
  2 ice devils (Lair:5)
  2 red devils (Lair:5)
  4 meliai
  A hellwing (Lair:5)
  6 merfolk
  7 trolls
  A wind drake (Shoals:1)
  A raiju (shapeshifter) (D:13)
  A snapping turtle (Shoals:1)
  A dream sheep (Lair:5)
  8 slime creatures
  4 wraiths
  Sigmund (D:5)
  41 yaks
  A shadow (D:11)
  3 water elementals (Shoals:1)
  A vampire (D:13)
  3 basilisks
  A steam dragon (Lair:2)
  5 vampire mosquitoes
  Edmund (D:6)
  3 nagas (Lair:2)
  2 wargs (Orc:2)
  12 water moccasins
  5 hell hounds (Lair:5)
  An acid dragon (D:10)
  17 orc warriors
  A sky beast (D:7)
  A black bear (D:8)
  3 ice beasts
  14 wolves
  21 ogres
  5 centaurs
  3 kobold brigands
  8 bullfrogs
  2 scorpions
  3 necrophages
  A gnoll sergeant (D:7)
  7 wights
  4 killer bees (D:8)
  4 howler monkeys
  3 electric eels
  4 hounds
  4 jellies (Lair:5)
  12 orc priests
  2 iguanas
  33 orc wizards
  4 gnolls (D:5)
  2 adders
  A shadow imp (D:4)
  3 white imps
  An ufetubus (D:4)
  4 worms
  A dart slug (D:2)
  89 orcs
  2 bats (D:2)
  6 endoplasms
  8 giant cockroaches
  9 goblins
  6 hobgoblins
  2 ball pythons
  3 frilled lizards
  22 kobolds
  3 rats
554 creatures vanquished.

Vanquished Creatures (others)
  A hydra (Lair:5)
  3 centaur warriors
  2 boulder beetles
  2 two-headed ogres
  A skeletal warrior (D:14)
  An orc sorcerer (Orc:1)
  An ugly thing (D:13)
  A deep elf pyromancer (D:14)
  2 slime creatures
  A komodo dragon (Lair:2)
  A kobold demonologist (D:11)
  2 meliai
  A hornet (D:7)
  A wolf spider simulacrum (D:14)
  2 wraiths (D:13)
  Eustachio (D:5)
  A basilisk (D:12)
  A wyvern (Lair:2)
  13 yaks
  4 vampire mosquitoes
  A warg (Orc:2)
  A water moccasin (Lair:5)
  2 ice beasts (D:6)
  An ogre (D:6)
  2 wolves
  2 centaurs
  3 kobold brigands
  A necrophage (D:6)
  5 wights (D:7)
  2 killer bees (D:8)
  A jelly (D:5)
  An iguana (D:5)
  An orc wizard (D:6)
  A white imp (D:5)
  8 orcs
  A kobold (D:6)
  2 bushes
  2 foxfires (D:15)
  24 fungi
  47 plants
  7 snaplasher vines
157 creatures vanquished.

Grand Total: 732 creatures vanquished

Notes
Turn   | Place    | Note
-------+----------+-------------------------------------------
     0 | D:1      | arthad the Felid Summoner began the quest for the Orb.
     0 | D:1      | Reached XP level 1. HP: 7/7 MP: 4/4
   120 | D:1      | You fall into a shaft and drop 1 floor!
   358 | D:1      | Reached XP level 2. HP: 7/11 MP: 3/6
   361 | D:1      | Learned a level 2 spell: Call Imp
  1122 | D:2      | Reached skill level 5 in Summonings
  1122 | D:2      | Reached XP level 3. HP: 11/14 MP: 4/7
  1126 | D:2      | Learned a level 3 spell: Call Canine Familiar
  2036 | D:3      | Reached skill level 1 in Translocations
  2078 | D:3      | Reached XP level 4. HP: 18/18 MP: 5/8
  2221 | D:3      | Found Cunleryd's Antique Armour Boutique.
  2395 | D:3      | Reached skill level 1 in Hexes
  2467 | D:3      | Reached skill level 1 in Unarmed Combat
  2467 | D:3      | Reached XP level 5. HP: 21/21 MP: 1/9
  2475 | D:3      | Reached skill level 2 in Translocations
  2934 | D:3      | Reached skill level 1 in Fighting
  3171 | D:4      | Found Etimna's Antique Weapon Emporium.
  3290 | D:4      | Identified the +0 ring mail "Vebiposs" {rElec rF+ rCorr
                  | Dex+2}
  3531 | D:4      | Reached skill level 1 in Transmutations
  3531 | D:4      | Gained mutation: You are covered in thick fur. (AC +2)
                  | [Felid growth]
  3531 | D:4      | Reached XP level 6. HP: 12/25 MP: 2/10
  3680 | D:4      | Reached skill level 3 in Translocations
  4529 | D:5      | Entered Level 5 of the Dungeon
  4534 | D:5      | Learned a level 3 spell: Summon Guardian Golem
  4677 | D:5      | Reached skill level 1 in Air Magic
  4751 | D:5      | Reached XP level 7. HP: 29/29 MP: 0/12
  4757 | D:5      | Noticed Sigmund
  4858 | D:4      | Learned a level 2 spell: Blink
  5040 | D:5      | Reached skill level 4 in Translocations
  5341 | D:5      | Killed Sigmund
  5491 | D:5      | Noticed Eustachio
  5505 | D:5      | Killed Eustachio
  5506 | D:5      | Reached XP level 8. HP: 18/33 MP: 7/14
  5513 | D:5      | Reached skill level 5 in Translocations
  6066 | D:6      | Noticed Edmund
  6090 | D:6      | Killed Edmund
  6091 | D:6      | Reached skill level 5 in Hexes
  6209 | D:6      | Found a staircase to the Ecumenical Temple.
  6226 | Temple   | Entered the Ecumenical Temple
  6752 | Temple   | Became a worshipper of Gozag Ym Sagoz the Greedy
  6858 | D:6      | Reached skill level 6 in Translocations
  7081 | D:6      | Reached skill level 5 in Dodging
  7207 | D:6      | Killed from afar by a centaur
  7208 | D:6      | Reached XP level 7. HP: -7/45 MP: 9/14
  7232 | D:6      | HP: 1/30 [iguana (3)]
  7242 | D:6      | Killed from afar by a centaur
  7243 | D:6      | Reached XP level 6. HP: 0/27 MP: 6/13
  7243 | D:6      | Reached XP level 7. HP: 31/31 MP: 14/14
  7823 | D:7      | Learned a level 4 spell: Summon Lightning Spire
  8111 | D:7      | Noticed a hornet
  8143 | D:7      | Killed a hornet
  8144 | D:7      | Reached skill level 7 in Translocations
  8144 | D:7      | Reached XP level 8. HP: 26/34 MP: 0/16
  8420 | D:7      | Noticed a two-headed ogre
  8427 | D:7      | Killed a two-headed ogre
  8428 | D:7      | Reached skill level 5 in Spellcasting
  8428 | D:7      | Reached XP level 9. HP: 36/39 MP: 5/18
  8677 | D:7      | Reached skill level 8 in Translocations
  9565 | D:8      | Noticed a boulder beetle
  9589 | D:8      | Killed a boulder beetle
  9965 | D:8      | Reached XP level 10. HP: 19/42 MP: 10/19
 10291 | D:8      | Reached skill level 9 in Translocations
 10993 | D:8      | Found a snail-covered altar of Cheibriados.
 10996 | D:8      | Found a radiant altar of Vehumet.
 11331 | D:9      | Reached skill level 5 in Air Magic
 11397 | D:9      | Reached skill level 5 in Transmutations
 11408 | D:9      | Learned a level 5 spell: Summon Forest
 11717 | D:9      | Found a staircase to the Lair.
 12025 | D:9      | Found a staircase to the Orcish Mines.
 12111 | D:10     | Entered Level 10 of the Dungeon
 12554 | D:10     | Noticed a moth of wrath
 12610 | D:10     | Noticed a two-headed ogre
 12613 | D:10     | Found a transporter.
 12621 | D:10     | Found a bloodstained altar of Trog.
 12622 | D:10     | Found a transporter.
 12622 | D:10     | Noticed Darius099's ghost (journeyman GrFi)
 12633 | D:10     | Noticed a tengu warrior
 12729 | D:10     | Reached skill level 10 in Translocations
 12968 | D:10     | Noticed a two-headed ogre
 12991 | D:10     | Killed a two-headed ogre
 12992 | D:10     | Reached XP level 11. HP: 46/46 MP: 22/22
 13160 | D:10     | Reached skill level 5 in Fighting
 13253 | D:10     | Noticed a two-headed ogre
 13328 | D:10     | Reached skill level 5 in Unarmed Combat
 13511 | D:11     | Noticed a sixfirhy
 13520 | D:11     | Noticed a sixfirhy
 13742 | D:11     | Noticed a two-headed ogre
 13755 | D:11     | Killed a two-headed ogre
 14111 | D:11     | Noticed a boulder beetle
 14162 | D:11     | Killed a boulder beetle
 14163 | D:11     | Reached skill level 11 in Translocations
 14402 | D:11     | Noticed a centaur warrior
 14412 | D:11     | Killed a centaur warrior
 14942 | D:12     | Found the ring of the Tortoise {AC+8}
 15164 | D:12     | Noticed a two-headed ogre
 15173 | D:12     | Killed a two-headed ogre
 15257 | D:12     | Noticed a two-headed ogre
 15268 | D:12     | Killed a two-headed ogre
 15395 | D:12     | Hit by a large rock thrown by a cyclops
 15396 | D:12     | Reached XP level 10. HP: -2/45 MP: 28/31
 15540 | D:12     | Found Oseli's Jewellery Emporium.
 15571 | D:12     | Killed a cyclops
 15572 | D:12     | Reached XP level 11. HP: 48/48 MP: 17/23
 15791 | D:12     | Noticed a boulder beetle
 15806 | D:12     | Killed a boulder beetle
 16345 | D:13     | Noticed Josephine
 16351 | D:13     | Noticed a boulder beetle
 16356 | D:13     | Killed Josephine
 16369 | D:13     | Noticed a white ugly thing
 16370 | D:13     | Reached skill level 10 in Summonings
 16379 | D:13     | Killed a white ugly thing
 16385 | D:13     | Noticed a two-headed ogre
 16390 | D:13     | Killed a two-headed ogre
 16635 | D:13     | Found a gate to the Vaults.
 16681 | D:13     | Noticed a seven-headed hydra
 16688 | D:13     | Killed a seven-headed hydra
 16689 | D:13     | Reached skill level 12 in Translocations
 16788 | D:13     | Learned a level 5 spell: Summon Mana Viper
 17021 | D:13     | Noticed a wizard
 17030 | D:13     | Killed a wizard
 17328 | D:13     | Gained mutation: Your thick and shaggy fur keeps you warm.
                  | (AC +3, rC+) [Felid growth]
 17328 | D:13     | Reached XP level 12. HP: 52/52 MP: 20/25
 17598 | D:14     | Noticed a rakshasa
 17608 | D:14     | Killed a rakshasa
 17737 | D:14     | Noticed a centaur warrior
 17749 | D:14     | Killed a centaur warrior
 17945 | D:14     | Noticed a death knight
 17956 | D:14     | Killed a death knight
 18226 | D:14     | Noticed Frances
 18242 | D:14     | Killed Frances
 18423 | D:14     | Found Ragh's Overcharged Wands.
 19109 | D:14     | Noticed a four-headed hydra
 19113 | D:14     | Killed a four-headed hydra
 19547 | D:15     | Entered Level 15 of the Dungeon
 19614 | D:15     | Noticed a centaur warrior
 19623 | D:15     | Killed a centaur warrior
 19631 | D:15     | Noticed Louise
 19655 | D:15     | Killed Louise
 19855 | D:15     | Noticed a centaur warrior
 19859 | D:15     | Killed a centaur warrior
 19862 | D:15     | Reached XP level 13. HP: 57/57 MP: 17/27
 20255 | D:15     | Noticed an ettin
 20270 | D:15     | Killed an ettin
 20672 | D:15     | Found a staircase to the Depths.
 21080 | Lair:1   | Entered Level 1 of the Lair of Beasts
 21388 | Lair:1   | Reached skill level 13 in Translocations
 21483 | Lair:1   | You fall into a shaft and drop 1 floor!
 21688 | Lair:1   | Identified the +9 falchion of Frustration {venom, *Rage
                  | *Corrode +Blink Str+3}
 21833 | Lair:1   | Reached skill level 10 in Dodging
 22162 | Lair:2   | Found a staircase to the Snake Pit.
 23241 | Lair:2   | Found a staircase to the Shoals.
 23553 | Lair:2   | Bought the ring "Exkorgh" {rPois rF+ Will+ Int+7} for 960
                  | gold pieces
 24537 | Lair:4   | Identified the +5 hand axe of Dolove {holy, rC- Str+5}
 24764 | Lair:4   | Reached skill level 10 in Spellcasting
 25076 | Lair:4   | Found a runed translucent door.
 25119 | Lair:4   | Reached XP level 14. HP: 61/61 MP: 26/29
 25400 | Lair:5   | Entered Level 5 of the Lair of Beasts
 25400 | Lair:5   | Found a staircase to the Slime Pits.
 25574 | Lair:5   | Found a frozen archway.
 26315 | Lair:5   | Found a viscous altar of Jiyva.
 27082 | Lair:5   | Reached skill level 10 in Air Magic
 27372 | Lair:5   | Found a burning altar of Makhleb.
 27441 | Lair:5   | Found a gateway to Hell.
 27789 | Orc:1    | Entered Level 1 of the Orcish Mines
 27934 | Orc:2    | Entered Level 2 of the Orcish Mines
 27946 | Orc:2    | Noticed an orc warlord
 27962 | Orc:2    | Killed an orc warlord
 27963 | Orc:2    | Reached skill level 14 in Translocations
 27985 | Orc:2    | Hit by a large rock thrown by a cyclops
 27986 | Orc:2    | Reached XP level 13. HP: -4/59 MP: 2/37
 28006 | Orc:2    | Found a staircase to the Elven Halls.
 28285 | Orc:2    | Reached XP level 14. HP: 63/63 MP: 28/30
 29112 | Orc:2    | Found Huewk's Assorted Antiques.
 29112 | Orc:2    | Found Daruiss's General Store.
 29112 | Orc:2    | Found Kacuniu's General Store.
 29112 | Orc:2    | Found Veoch's Jewellery Emporium.
 29293 | Orc:2    | Bought a potion of ambrosia for 120 gold pieces
 29294 | Orc:2    | Bought a scroll of blinking for 277 gold pieces
 29294 | Orc:2    | Bought a potion of heal wounds for 185 gold pieces
 29294 | Orc:2    | Bought 2 potions of heal wounds for 370 gold pieces
 29295 | Orc:2    | Bought a wand of flame (14) for 166 gold pieces
 29295 | Orc:2    | Bought a potion of heal wounds for 85 gold pieces
 29295 | Orc:2    | Bought a potion of curing for 51 gold pieces
 29296 | Orc:2    | Bought a ring of wizardry for 390 gold pieces
 29450 | Orc:2    | Found a shimmering blue altar of Sif Muna.
 29951 | Orc:1    | Noticed Harold
 29973 | Orc:1    | Killed Harold
 30862 | Shoals:1 | Entered Level 1 of the Shoals
 31225 | Shoals:1 | Shot with a sling bullet by a faun

Illustrated notes

Levels and vault maps discovered:
D:1:      matt_arrival_los_fun, layout_rooms
D:2:      layout_loops_corners, minmay_worlds_worst_comb
D:3:      layout_basic, serial_shops, shop, nicolae_hexahallways
D:4:      layout_basic, serial_shops, nicolae_shop_waterfront,
          nicolae_concentric_dashed_squares_mild, kennysheep_diamond
D:5:      layout_cave_pools, lemuel_flame_loot_1, uniq_sigmund, uniq_eustachio
D:6:      layout_cave_pools, minmay_temple_entry_mist, hex_large,
          lexackson_kobold_supper, uniq_edmund
D:7:      minmay_blocky_corners, layout_rooms, chequers_serial_rivers_small_b,
          chequers_decorated_corner, minmay_joined_circles
D:8:      minmay_flawed_box, layout_loops_corners, minitemple,
          chequers_serial_rivers_marsh, grunt_ministairs_8, lightli_orcish_oven
D:9:      layout_basic, lair_entry_dummy, orc_0_dummy
D:10:     layout_grid_maze, gammafunk_ghost_wrathful_warriors,
          minmay_liquid_box, grunt_ministairs_12, minmay_misc_feat_tiny
D:11:     layout_small_grid, minmay_microvault
D:12:     layout_stronghold, serial_shops, nicolae_take_the_stairs,
          due_unseen_surprise
D:13:     layout_long_grid, david_vaults_1, uniq_josephine
D:14:     layout_layer_cave, hangedman_abyss_or_decor_jellyfish_corner,
          nicolae_shop_overcharged_wands, uniq_frances
D:15:     hangedman_depths_entry_civil_slaughter, layout_rooms,
          serial_bayou_pond_d, pond, uniq_louise
Temple:   mainiacjoe_temple_big_plus
Lair:1:   layout_hall_layers, grunt_megastairs_4
Lair:2:   layout_loops_ring, elwin_shoals_entry_rooms,
          nicolae_snake_entry_squirm, serial_bayou_shore_b
Lair:3:   layout_chaotic_city
Lair:4:   layout_roguey, pf_torpor_hydra
Lair:5:   evil_forest, layout_loops_ring, nicolae_slime_entry_field_trip,
          portal_ice_cave_entry_pillars_2, nicolae_lair_run_with_the_wolves
Shoals:1: layout_shoals
Orc:1:    layout_diamond_mine, uniq_harold
Orc:2:    st_orc_ogre_mass, layout_caves, basic_altar, kennysheep_orc_sif_temple

Skill      XL: |  1  2  3  4  5  6  7  8  9 10 11 12 13 14 |
---------------+-------------------------------------------+-----
Summonings     | 5 7 8 10 11 12 | 12.2
Translocations | 1 2 3 7 6 8 10 12 13 14 | 14.5
Hexes          | 1 2 3 4 5 |  5.2
Dodging        | 3 4 5 6 8 9 10 11 | 11.6
Unarmed Combat | 1 2 3 4 6 7 8 |  8.8
Fighting       | 1 3 2 4 6 7 8 |  8.8
Transmutations | 1 3 2 4 5 6 7 8 9 |  9.5
Air Magic      | 1 3 4 5 7 8 9 10 | 10.3
Spellcasting   | 3 5 6 8 9 11 | 11.5
Stealth        | |  2.6

Action                     |  1- 3 |  4- 6 |  7- 9 | 10-12 | 13-15 || total
---------------------------+-------+-------+-------+-------+-------++-------
  Melee: Unarmed           |    21 |     7 |    58 |     5 |    11 ||   102
         Bite              |     1 |       |    12 |       |     1 ||    14
         Punch             |       |       |     1 |       |       ||     1
   Cast: Summon Small Mamm |    74 |    37 |    40 |     8 |     3 ||   162
         Call Imp          |    12 |    18 |    28 |    18 |    13 ||    89
         Call Canine Famil |       |    25 |    45 |    56 |    64 ||   190
         Summon Guardian G |       |     1 |    31 |    74 |    86 ||   192
         Blink             |       |       |     8 |     2 |     9 ||    19
         Summon Lightning  |       |       |    17 |   101 |   135 ||   253
         Summon Forest     |       |       |       |    15 |    17 ||    32
         Summon Mana Viper |       |       |       |    17 |    90 ||   107
 Invoke: Potion Petition   |       |       |       |     1 |       ||     1
         Call Merchant     |       |       |       |       |     3 ||     3
  Evoke: Wand              |       |       |     1 |     7 |     6 ||    14
    Use: Scroll            |       |     1 |    13 |     8 |     8 ||    30
         Potion            |       |       |     6 |     2 |     4 ||    12
   Stab: Sleeping          |       |       |       |       |     1 ||     1
 Armour: Skin              |     1 |     3 |     9 |     4 |     3 ||    20
  Dodge: Dodged            |    31 |    28 |    84 |    49 |    83 ||   275
  Block: Other             |       |     7 |    15 |    12 |    22 ||    56
         Reflection        |       |       |     5 |     6 |     5 ||    16

Table legend: (Time is in decaauts)
 A = Elapsed time spent in this place.
 B = Non-inter-level travel time spent in this place.
 C = Inter-level travel time spent in this place.
 D = Time resting spent in this place.
 E = Time spent auto-exploring this place.
 F = Levels seen in this place.
 G = Mean time per level.
                   A        B        C        D        E       F      G
               +--------+--------+--------+--------+--------+-----+--------+
         Total |  28124 |  27018 |   1106 |   1614 |  20151 |  24 | 1171.8 |
       Dungeon |  18469 |  17776 |    693 |   1525 |  12615 |  15 | 1231.3 |
        Temple |    471 |    392 |     79 |      0 |    384 |   1 |  471.0 |
          Lair |   6053 |   5843 |    210 |     73 |   4840 |   5 | 1210.6 |
        Shoals |    357 |    357 |      0 |     16 |    219 |   1 |  357.0 |
  Orcish Mines |   2772 |   2651 |    121 |      0 |   2091 |   2 | 1386.0 |
               +--------+--------+--------+--------+--------+-----+--------+

Top non-repeatable levels by time:
  Lair:5: 2123 daAuts
   Orc:2: 1957 daAuts
     D:8: 1729 daAuts
    D:14: 1596 daAuts
  Lair:2: 1540 daAuts
    D:10: 1380 daAuts
     D:4: 1358 daAuts
    D:13: 1341 daAuts
    D:15: 1338 daAuts
     D:2: 1282 daAuts
    D:12: 1276 daAuts
     D:7: 1220 daAuts
     D:5: 1163 daAuts
     D:3: 1159 daAuts
    D:11: 1076 daAuts
